 Dungeon Crawl Stone Soup version 0.21.1-1-g345015f (webtiles) character file.

15 Kairos the Shield-Bearer (level 2, 29/29 HPs)
             Began as a Gnoll Fighter on Apr 24, 2018.
             Got out of the dungeon alive.
             The game lasted 00:00:47 (367 turns).

Kairos the Shield-Bearer (Gnoll Fighter)             Turns: 367, Time: 00:00:48

Health: 29/29      AC:  7    Str: 18    XL:     2   Next: 50%
Magic:  2/2        EV:  8    Int: 10    God:
Gold:   0          SH: 10    Dex: 14    Spells: 1/1 levels left

rFire    . . .     SeeInvis .   a - +0 war axe
rCold    . . .     Gourm    .   c - +0 shield
rNeg     . . .     Faith    .   b - +0 scale mail
rPois    .         Spirit   .   (no helmet)
rElec    .         Reflect  .   (no cloak)
rCorr    .         Harm     .   (no gloves)
MR       .....                  (no boots)
Stlth    ..........             (no amulet)
HPRegen  0.09/turn              (no ring)
MPRegen  0.08/turn              (no ring)

@: hasted, very quick
A: distributed training, fangs 1, strong nose
a: no special abilities


You escaped.
You were not hungry.

You visited 1 branch of the dungeon, and saw 1 of its levels.

Inventory:

Hand Weapons
 a - a +0 war axe (weapon)
Armour
 b - a +0 scale mail (worn)
 c - a +0 shield (worn)
Scrolls
 e - a scroll of identify
 h - a scroll of teleportation
 i - a scroll of amnesia
Potions
 d - a potion of might
Comestibles
 f - 3 rations


   Skills:
 + Level 6.5 Fighting
 + Level 0.4 Short Blades
 + Level 0.4 Long Blades
 + Level 4.5 Axes
 + Level 0.4 Maces & Flails
 + Level 0.4 Polearms
 + Level 0.4 Staves
 + Level 0.4 Slings
 + Level 0.4 Bows
 + Level 0.4 Crossbows
 + Level 0.4 Throwing
 + Level 6.5 Armour
 + Level 0.4 Dodging
 + Level 0.4 Stealth
 + Level 6.5 Shields
 + Level 0.4 Unarmed Combat
 + Level 0.4 Spellcasting
 + Level 0.2 Conjurations
 + Level 0.2 Hexes
 + Level 0.2 Charms
 + Level 0.2 Summonings
 + Level 0.2 Necromancy
 + Level 0.2 Translocations
 + Level 0.2 Transmutations
 + Level 0.2 Fire Magic
 + Level 0.2 Ice Magic
 + Level 0.2 Air Magic
 + Level 0.2 Earth Magic
 + Level 0.2 Poison Magic
 + Level 0.5 Invocations
 + Level 0.4 Evocations


You had one spell level left.
You didn't know any spells.

Dungeon Overview and Level Annotations

Branches:
Dungeon (1/15)

Altars:


Innate Abilities, Weirdness & Mutations

Your experience applies equally to all skills.
You have very sharp teeth.
Your uncanny sense of smell can sniff out nearby items.


Message History

You hit the giant cockroach but do no damage.
The giant cockroach is severely wounded.
You block the giant cockroach's attack. x2
You barely miss the giant cockroach.
The giant cockroach is severely wounded.
You block the giant cockroach's attack.
The giant cockroach bites you but does no damage.
You slash the giant cockroach!
You kill the giant cockroach!
No target in view!
No target in view!
There is a staircase leading out of the dungeon here.
It was a potion of haste.
You feel yourself speed up.
As you read the scroll labeled RIEM TOTIKUL, it crumbles to dust.
It is a scroll of identify.
h - a scroll of teleportation
As you read the scroll of identify, it crumbles to dust.
i - a scroll of amnesia Are you sure you want to leave the Dungeon?
This will make you lose the game!
You have escaped!

#.......†...#.##.# ###.###.##...
#....########.#..# #.#.#........
..............#.#####.#.######...
....########..#............# #...
....# #..##..##..#.##.# #..#
....# #..##..##..#.##.###...
...## ###..##..###.##.#.#...
...###########..##..###.##.#.#...
##.#..........##@.##..#.##.......
.....###..†...##..##..#.####....#
.....# #....##..##..##...........
.....# #....##..##..##.#######.##
.....# #......##..##.....# #...
.....# #......##..##..#..# ####
##+#.# #.................# # #.#
#....#.#......###.# #
#.#####.##.#.##...# #.# #


There were no monsters in sight!

Vanquished Creatures
  A dart slug (D:1)
  A giant cockroach (D:1)
  3 hobgoblins (D:1)
  A ball python (D:1)
  2 bats (D:1)
  A frilled lizard (D:1)
  2 kobolds (D:1)
  3 rats (D:1)
14 creatures vanquished.

Notes
Turn   | Place    | Note
-------+----------+-------------------------------------------
     0 | D:1      | Kairos the Gnoll Fighter began the quest for the Orb.
     0 | D:1      | Reached XP level 1. HP: 23/23 MP: 1/1
   138 | D:1      | Reached XP level 2. HP: 29/29 MP: 2/2
   367 | D:$      | Got out of the dungeon alive.

Action                   || total
-------------------------++-------
Melee: War axe           ||    42
       Bite              ||     2
  Use: Scroll            ||     2
       Potion            ||     1
Armor: Scale mail        ||    19
Dodge: Dodged            ||     9
Block: Shield            ||    32
